 Dungeon Crawl Stone Soup version 0.29.1-14-g9c671dbff4 (webtiles) character file.

Game seed: 4785294087081926526

1463999 jjjjhere the Conqueror (level 25, 209/231 HPs)
             Began as a Minotaur Berserker on Feb 17, 2023.
             Was a High Priest of Trog.
             Escaped with the Orb
             ... and 3 runes on Feb 19, 2023!
             The game lasted 02:58:46 (88047 turns).

jjjjhere the Conqueror (Minotaur Berserker)        Turns: 88047, Time: 02:58:46

Health: 209/231    AC: 48    Str: 32    XL:     25   Next: 46%
Magic:  22/22      EV: 14    Int: 10    God:    Trog [*****.]
Gold:   7031       SH: 32    Dex: 12    Spells: 24/24 levels left

rFire   + . .      SeeInvis +   L - +8 broad axe (freeze)
rCold   + + +      Faith    .   a - +3 tower shield
rNeg    + + +      Spirit   .   P - +12 gold dragon scales
rPois   +          Reflect  +   f - +1 hat "Jistriuh" {Will+}
rElec   +          Harm     .   J - scarf {rC+ rF+}
rCorr   +          Rampage  .   O - +0 pair of gloves of the Cartwright {rN+ Will+ Int+4 SInv}
Will    +++..                   x - +1 pair of boots of Dramatic Exits {Int+4}
Stlth   ..........              j - amulet of reflection
HPRegen 0.48/turn               n - ring of Qieffymi {Ice +Blink rElec Int-2 Slay+6}
MPRegen 0.18/turn               o - ring "Moimes" {rPois rN+++ rCorr AC+4 Stlth-}

@: studying 2 skills
A: horns 2, retaliatory headbutt, beak, iridescent scales 1, frail 1
0: Orb of Zot
}: 3/15 runes: barnacled, silver, gossamer
a: Renounce Religion, Evoke Blink, Berserk, Trog's Hand, Brothers in Arms


You escaped.
You worshipped Trog.
Trog was extremely pleased with you.
You visited 10 branches of the dungeon, and saw 48 of its levels.
You visited 1 bazaar.
You also visited: Trove, Bailey and Ice Cave.

You collected 9652 gold pieces.
You spent 2621 gold pieces at shops.

Inventory:

Hand Weapons
 L - a +8 broad axe of freezing (weapon)
 S - a +3 antimagic broad axe
Missiles
 b - 9 throwing nets
 c - 5 silver javelins (quivered)
 v - a boomerang
 D - 38 poisoned darts
 Y - 10 curare-tipped darts
Armour
 a - a +3 tower shield (worn)
 f - the +1 hat "Jistriuh" (worn) {Will+}
   (You found it on level 3 of the Vaults)

   Will:      It increases your willpower.
 x - the +1 pair of boots of Dramatic Exits (worn) {Int+4}
   (You found it in a treasure trove)

   Int:       It affects your intelligence (+4).
 J - a scarf of resistance (worn)
 O - the +0 pair of gloves of the Cartwright (worn) {rN+ Will+ Int+4 SInv}
   (You found it in a treasure trove)

   Int:       It affects your intelligence (+4).
   rN:        It protects you from negative energy.
   SInv:      It lets you see invisible.
   Will:      It increases your willpower.
 P - +12 gold dragon scales (worn)
 V - the +1 pair of gloves "Joj Ipue" {+Blink rElec Str+2}
   (You found it in a treasure trove)

   Str:       It affects your strength (+2).
   rElec:     It insulates you from electricity.
   +Blink:    It lets you blink.
Jewellery
 e - a +6 ring of intelligence
 j - an amulet of reflection (around neck)
 n - the ring of Qieffymi (left hand) {Ice +Blink rElec Int-2 Slay+6}
   (You found it on level 3 of the Elven Halls)

   [ring of ice]

   It enhances your ice magic.
   Int:       It affects your intelligence (-2).
   Slay:      It affects your accuracy & damage with ranged weapons and melee
   (+6).
   rF:        It makes you vulnerable to fire.
   rC:        It protects you from cold.
   rElec:     It insulates you from electricity.
   +Blink:    It lets you blink.
 o - the ring "Moimes" (right hand) {rPois rN+++ rCorr AC+4 Stlth-}
   (You took it off an ironbound preserver on level 1 of the Vaults)

   [ring of protection]

   AC:        It affects your AC (+4).
   rPois:     It protects you from poison.
   rN:        It renders you almost immune to negative energy.
   rCorr:     It protects you from acid and corrosion.
   Stlth:     It makes you less stealthy.
 C - the ring "Arphiq" {EV+4 Dex+2 Slay+3 Stlth+}
   (You found it on level 3 of the Realm of Zot)

   [ring of evasion]

   EV:        It affects your evasion (+4).
   Dex:       It affects your dexterity (+2).
   Slay:      It affects your accuracy & damage with ranged weapons and melee
   (+3).
   Stlth:     It makes you more stealthy.
 K - the ring "Ryoterr" {rElec rF+ Str-2 Dex+4 SInv}
   (You took it off a fire giant on level 5 of the Vaults)

   [ring of protection from fire]

   Str:       It affects your strength (-2).
   Dex:       It affects your dexterity (+4).
   rF:        It protects you from fire.
   rElec:     It insulates you from electricity.
   SInv:      It lets you see invisible.
 U - a ring of flight
 X - the ring of the Demonic Banana {rPois rF+ Int+5 SInv}
   (You found it on level 1 of the Vaults)

   [ring of see invisible]

   Int:       It affects your intelligence (+5).
   rF:        It protects you from fire.
   rPois:     It protects you from poison.
   SInv:      It lets you see invisible.
 Z - a ring of willpower
Wands
 p - a wand of flame (66)
 r - a wand of mindburst (24)
 B - a wand of light (44)
 I - a wand of roots (33)
 R - a wand of digging (21)
Scrolls
 d - 6 scrolls of blinking
 g - 9 scrolls of fear
 m - 4 scrolls of summoning
 u - 4 scrolls of butterflies
 A - 5 scrolls of poison
 F - 17 scrolls of teleportation
Potions
 h - 20 potions of curing
 i - 9 potions of ambrosia
 k - 9 potions of haste
 q - 3 potions of might
 w - 15 potions of heal wounds
 z - 5 potions of invisibility
 E - 2 potions of cancellation
 M - 4 potions of magic
 N - 3 potions of resistance
 Q - 5 potions of mutation
 T - 2 potions of flight
Miscellaneous
 l - a phantom mirror
 s - a box of beasts
 t - a condenser vane
 y - a piece from Xom's chessboard (15/15)
 G - a tin of tremorstones (2/2)
 H - a lightning rod (4/4)


   Skills:
 O Level 27 Fighting
 - Level 19.3 Axes
 + Level 13.6 Throwing
 + Level 23.5 Armour
 + Level 17.4 Dodging
 O Level 27 Shields
 - Level 14.8 Evocations


You had 24 spell levels left.
You didn't know any spells.
Your spell library was empty.

Dungeon Overview and Level Annotations

Branches:
Dungeon (15/15)            Temple (0/1) D:4            Lair (5/5) D:8
 Shoals (4/4) Lair:3       Spider (4/4) Lair:2        Slime (1/5) Lair:4
    Orc (2/2) D:11            Elf (3/3) Orc:2        Vaults (5/5) D:14
  Crypt (0/3) Vaults:3     Depths (4/4) D:15            Zot (5/5) Depths:4
 Bailey (visited)           IceCv (visited)

Altars:
Ashenzari
Dithmenos
Elyvilon
Fedhas
Gozag
Kikubaaqudgha
Makhleb
Nemelex Xobeh
Ru
Sif Muna
Uskayaw
Vehumet
Wu Jian
Xom
Yredelemnul
Zin
The Shining One
Jiyva
Lugonu

Shops:
D:7 !   D:8 ?   D:10 (   D:11 (   Orc:1 (   Orc:2 *[*:   Elf:1 *   Elf:3 (
Shoals:1 (   Shoals:3 *   Vaults:2 !=   Vaults:3 ?   Vaults:5 !??   Depths:4 ?

Portals:
Hell: Depths:1 Depths:2* Depths:3 Depths:4
Abyss: Shoals:2 Depths:3
Pandemonium: Orc:2 Depths:2
Ziggurat: Depths:2

Annotations:
D:7 2 transporters
Shoals:2 1 runed translucent door, exclusion: door
Shoals:4 3 runed translucent doors, Priul's ghost, adept DENe; bigduke15's ghost, adept MiFi
Orc:1 1 runed translucent door, PorkyPig's ghost, journeyman GrEE
Elf:2 3 runed translucent doors
Depths:1 exclusion: 2 doors
Zot:1 3 runed translucent doors, Heisao's ghost, legendary TrBe
Zot:4 6 transporters


Innate Abilities, Weirdness & Mutations

You have a pair of horns on your head.
You reflexively headbutt those who attack you in melee.
You have a beak for a mouth.
You are partially covered in iridescent scales. (AC +2)
You are frail. (-10% HP)


Message History

You slice the angel!! You freeze the angel! Your peck misses the angel.
The angel is heavily wounded.
You slash the Orb Guardian! You freeze the Orb Guardian.
You block the angel's attack. x2
You slice the angel!! You freeze the angel.
You headbutt the angel, but do no damage.
The angel is severely wounded.
You slash the Orb Guardian! You freeze the Orb Guardian.
You block the Orb Guardian's attack. You block the angel's attack.
The angel completely misses you.
You barely miss the angel.
You headbutt the angel, but do no damage.
Your peck misses the angel.
The angel is severely wounded.
You slash the Orb Guardian! You freeze the Orb Guardian!
You block the Orb Guardian's attack.
The angel gestures.
The angel is healed somewhat.
You open the angel like a pillowcase!!! You freeze the angel!
You kill the angel!
Trog accepts your kill.
You slice the Orb Guardian!! You freeze the Orb Guardian!
You kill the Orb Guardian!
Trog accepts your kill.
You closely miss the soul eater. Your headbutt misses the soul eater.
You peck the soul eater.
The soul eater is lightly wounded.
The soul eater closely misses you. You furiously retaliate!
You headbutt the soul eater.
You open the soul eater like a pillowcase!!!
You freeze the soul eater.
You kill the soul eater!
Trog accepts your kill.
There is an open door here.
There is a staircase leading out of the dungeon here.
Enter note: first full v29 game
Enter note: opportunity attacks still stupid
Enter note: but MiBe delivers
Okay, then.
You have escaped!

#.......##.###..###...........##
#.......##.###..# ###..)...#.###
#.......##......### #.#....###
###.......####....###.#....#
#.#####.###......##.#....#
#(##.......'+++++##.##.#.#
#.##.##.#..+....+........#
#.##.##.#..+....+..###.### #
#.......#..'.@..+..# #########
#######.####..+....'..# #.....
.........# ##.++'++'### #.####
#######.## #.......# #.# # ###
######.#########.# #
#............# # #.........####
# #.#######.# # #.# ###.### #


There were no monsters in sight!

Vanquished Creatures
  5 dread liches
  3 orbs of fire
  7 ancient liches
  2 juggernauts
  A Killer Klown (Zot:5)
  Margery (Vaults:1)
  A curse toe (Zot:3)
  The ghost of heteroy the Petrodigitator, a veteran GrEE of Vehumet (Vaults:1)
  A profane servitor (Depths:2)
  Nikola (Spider:3)
  9 golden dragons
  3 electric golems
  Arachne (Spider:2)
  A Tzitzimitl (D:2)
  15 tentacled monstrosities
  28 Orb Guardians
  4 titans
  A lich (Vaults:3)
  2 deep elf master archers (Elf:3)
  12 quicksilver dragons
  The ghost of Kare Xaoge the Bludgeoner, an adept DgTm (Vaults:1)
  3 tengu reavers
  3 sphinxes
  An Executioner (D:12)
  2 deep elf blademasters (Elf:3)
  4 death cobs
  9 storm dragons
  Kirke (D:14)
  9 shadow dragons
  8 draconian monks
  A fenstrider witch (Zot:1)
  12 fire giants
  9 frost giants
  8 draconian knights
  2 emperor scorpions (Spider:2)
  7 deep elf sorcerers
  3 orc warlords
  5 draconian shifters
  4 ghost moths
  An iron dragon (Vaults:5)
  15 vault wardens
  6 draconian scorchers
  8 draconian stormcallers
  8 deep elf elementalists (Elf:3)
  An angel (D:1)
  7 draconian annihilators
  12 very ugly things
  A caustic shrike skeleton (Depths:1)
  4 war gargoyles
  12 stone giants
  15 ironbound preservers
  7 broodmothers
  3 vampire knights
  5 deep elf demonologists (Elf:3)
  10 green draconians
  11 dire elephants (Vaults:1)
  14 black draconians
  7 deep elf annihilators
  9 ironbound thunderhulks
  A spark wasp (shapeshifter) (Vaults:5)
  15 white draconians
  An eidolon (Vaults:3)
  A spark wasp (Spider:4)
  7 entropy weavers
  15 yellow draconians
  31 purple draconians
  5 deep elf death magi
  10 red draconians
  3 crystal guardians
  6 ettins
  8 merfolk impalers
  Josephine (Lair:3)
  4 merfolk javelineers
  5 fire dragons
  A blizzard demon (Depths:2)
  3 deep elf high priests (Elf:3)
  14 yaktaur captains
  4 great orbs of eyes
  5 ice dragons
  9 hydras
  A hell beast (D:8)
  2 rakshasas
  2 merfolk avatars
  2 jorogumos (Spider:4)
  8 boulder beetles
  5 peacekeepers
  10 ironbound frosthearts
  A death knight (D:14)
  A satyr (Shoals:3)
  2 catoblepae
  11 centaur warriors
  41 vault guards
  3 radroaches
  4 spriggan air magi
  3 merfolk aquamancers
  5 orc high priests
  2 two-headed ogres
  6 deep troll earth magi
  6 tengu warriors
  5 deep troll shamans
  18 dancing weapons
  3 spriggan berserkers
  13 hell knights
  3 soul eaters
  8 deep elf knights
  A fire crab (shapeshifter) (Depths:2)
  A fire crab (Lair:5)
  20 sea snakes
  A shadow wraith (Vaults:5)
  2 sixfirhies
  6 skeletal warriors
  4 steelbarb worms
  A salamander mystic (Depths:4)
  6 pharaoh ants
  A shadow demon (Depths:2)
  50 deep trolls
  An obsidian statue (Zot:5)
  A bog body (IceCv)
  A quicksilver dragon simulacrum (Depths:1)
  9 deep elf archers
  10 orb spiders
  2 sun moths (Spider:3)
  A flayed ghost (Depths:3)
  4 phantasmal warriors
  10 wizards
  A wolf spider zombie (D:13)
  15 ironbound convokers
  7 lindwurms
  26 orc knights
  25 deep elf zephyrmancers
  4 glowing orange brains
  5 necromancers
  32 deep elf pyromancers
  23 wolf spiders
  24 harpies
  A shining eye (Lair:4)
  A wolf spider (shapeshifter) (Vaults:1)
  10 orc sorcerers
  A human zombie (Vaults:4)
  A shadow dragon skeleton (Vaults:4)
  An oklob plant (Lair:4)
  A tengu skeleton (Vaults:4)
  5 cyclopes
  12 manticores
  12 fauns
  21 ugly things
  A salamander (shapeshifter) (Elf:3)
  9 merfolk sirens
  3 salamanders (Depths:4)
  14 moths of wrath
  11 elephants
  8 centaur zombies (D:13)
  A rust devil (Orc:2)
  An elephant (shapeshifter) (Depths:3)
  A torpor snail (shapeshifter) (Vaults:5)
  2 apocalypse crabs (Shoals:2)
  2 ice statues (IceCv)
  2 black mambas
  4 naga magi
  25 vault sentinels
  11 cane toads
  2 gargoyles
  5 torpor snails
  5 water nymphs
  2 kobold demonologists
  3 orange demons
  A rime drake (shapeshifter) (D:14)
  A centaur skeleton (D:15)
  A hellion (D:15)
  12 demonic crawlers
  2 rime drakes (Lair:5)
  26 yaktaurs
  17 komodo dragons
  4 freezing wraiths
  An efreet (D:14)
  6 ice devils
  2 hellwings
  2 anaconda simulacra (IceCv)
  3 trolls
  6 meliai
  2 red devils
  31 merfolk
  A tengu conjurer (Depths:3)
  4 polar bears
  A hornet (Lair:5)
  21 slime creatures
  11 wind drakes
  26 tarantellas
  Prince Ribbit (Bailey)
  7 blink frogs
  A frost giant simulacrum (Depths:1)
  A raiju (shapeshifter) (Elf:2)
  A slime creature (shapeshifter) (Vaults:5)
  4 dream sheep (Lair:5)
  8 snapping turtles
  A meliai zombie (D:15)
  27 jumping spiders
  2 shadows
  13 culicivoras
  A centaur simulacrum (D:15)
  3 air elementals
  A spriggan (Lair:4)
  25 yaks
  2 vampires (D:13)
  2 dire elephant simulacra (IceCv)
  7 humans
  7 wyverns
  A human (shapeshifter) (D:13)
  Eustachio (D:3)
  7 fire elementals
  18 water elementals
  11 wraiths
  5 hogs (D:14)
  A chaos spawn (D:12)
  52 redbacks
  2 steam dragons
  3 basilisks
  A warg (Orc:2)
  A glowing shapeshifter zombie (Vaults:4)
  3 harpy simulacra (IceCv)
  3 hydra simulacra (IceCv)
  9 water moccasins
  4 acid dragons
  Duvessa (D:7)
  2 floating eyes (Depths:2)
  41 orc warriors
  A hornet zombie (D:15)
  A sky beast (D:5)
  4 black bears
  21 wolves
  14 centaurs
  4 ogres
  6 kobold brigands
  4 earth elementals
  28 bullfrogs
  A scorpion (D:5)
  2 gnoll sergeants
  A human skeleton (Vaults:4)
  3 wights
  Dowan (D:7)
  18 killer bees
  An elephant simulacrum (IceCv)
  3 electric eels
  9 howler monkeys
  8 hounds
  39 orc priests
  4 gnoll boudas (D:9)
  A jelly (D:7)
  5 iguanas
  Crazy Yiuf (D:2)
  Natasha (thrice) (D:4)
  9 orc wizards
  A boggart zombie (D:13)
  A spriggan simulacrum (IceCv)
  A polar bear simulacrum (IceCv)
  A wolf simulacrum (IceCv)
  21 gnolls
  11 adders
  17 white imps
  2 worms (D:5)
  4 dart slugs
  85 orcs
  7 bats
  3 endoplasms
  2 giant cockroaches (D:4)
  11 goblins
  11 hobgoblins
  4 jackals (D:9)
  24 kobolds
  4 quokkas
  3 ball pythons
  3 frilled lizards
  5 rats
  2 bushes (Lair:4)
2009 creatures vanquished.

Vanquished Creatures (collateral kills)
  Parghit (Depths:2)
  A dire elephant (Vaults:1)
  An orc knight (Vaults:4)
  A snapping turtle (Lair:5)
4 creatures vanquished.

Vanquished Creatures (others)
  A ghost moth (Zot:4)
  A rakshasa (Depths:2)
  A deep troll (Vaults:3)
  A wizard (Vaults:2)
  A deep elf zephyrmancer (Elf:1)
  4 deep elf pyromancers
  A redback (Spider:3)
  An orc wizard (D:6)
  An orc (D:6)
  A bush (Lair:2)
  58 fungi
  98 plants
  16 withered plants
185 creatures vanquished.

Grand Total: 2198 creatures vanquished

Notes
Turn   | Place    | Note
-------+----------+-------------------------------------------
     0 | D:1      | jjjjhere the Minotaur Berserker began the quest for the
                  | Orb.
     0 | D:1      | Reached XP level 1. HP: 19/19 MP: 0/0
    42 | D:1      | Found a faded altar of an unknown god.
   204 | D:1      | Reached XP level 2. HP: 27/27 MP: 1/1
  1224 | D:2      | Found a runed translucent door.
  1225 | D:2      | Noticed Crazy Yiuf
  1258 | D:2      | Reached XP level 3. HP: 28/33 MP: 2/2
  1325 | D:2      | HP: 14/49 [Crazy Yiuf/+2 quarterstaff of chaos (13)]
  1326 | D:2      | Killed Crazy Yiuf
  1327 | D:2      | Reached skill level 5 in Axes
  1328 | D:2      | Identified the +3 hammer of Ylau {freeze, +Blink Int+3
                  | Dex-5}
  1634 | D:2      | Reached XP level 4. HP: 39/41 MP: 3/3
  1779 | D:2      | Reached ** piety under Trog
  2257 | D:3      | Found a glowing golden altar of the Shining One.
  2273 | D:3      | Found a blossoming altar of Fedhas.
  2863 | D:3      | Reached XP level 5. HP: 47/47 MP: 4/4
  3040 | D:4      | Noticed a steam dragon
  3049 | D:4      | Killed a steam dragon
  3050 | D:4      | Reached skill level 5 in Fighting
  3050 | D:4      | Reached XP level 6. HP: 56/56 MP: 5/5
  3230 | D:4      | Noticed Eustachio
  3277 | D:3      | Killed Eustachio
  3278 | D:3      | Reached XP level 7. HP: 60/64 MP: 6/6
  3688 | D:4      | Noticed Natasha
  3695 | D:4      | Killed Natasha
  3841 | D:4      | Found a staircase to the Ecumenical Temple.
  3923 | D:4      | Found a burning altar of Makhleb.
  3924 | D:4      | Found a shimmering blue altar of Sif Muna.
  4031 | D:4      | Noticed Natasha
  4037 | D:4      | Killed Natasha
  4042 | D:4      | Noticed Natasha
  4050 | D:4      | Killed Natasha
  4104 | D:4      | Found a glowing silver altar of Zin.
  4104 | D:4      | Noticed an angel
  4137 | D:4      | Found a sparkling altar of Nemelex Xobeh.
  4190 | D:4      | Found an ornate altar of the Wu Jian Council.
  4196 | D:4      | Reached XP level 8. HP: 73/73 MP: 7/7
  4242 | D:5      | Entered Level 5 of the Dungeon
  4250 | D:5      | Reached skill level 10 in Axes
  4318 | D:5      | Reached *** piety under Trog
  5290 | D:6      | Found a broken altar of Ashenzari.
  5725 | D:6      | Found an ancient bone altar of Kikubaaqudgha.
  5871 | D:6      | Reached XP level 9. HP: 68/83 MP: 8/8
  6156 | D:7      | Found Tyzusas's Distillery.
  6162 | D:7      | Bought a potion of curing for 39 gold pieces
  6162 | D:7      | Bought a potion of heal wounds for 65 gold pieces
  6162 | D:7      | Noticed Duvessa
  6169 | D:7      | Noticed Dowan
  6176 | D:7      | Killed Duvessa
  6189 | D:7      | Killed Dowan
  6227 | D:7      | Found a transporter.
  6227 | D:7      | Noticed a deep elf pyromancer
  6228 | D:7      | Found a basalt altar of Yredelemnul.
  6228 | D:7      | Noticed a six-headed hydra
  6257 | D:7      | Found a transporter.
  6269 | D:7      | Reached **** piety under Trog
  6299 | D:7      | Found a flagged portal.
  6322 | Bailey   | Entered a bailey
  6373 | Bailey   | Reached skill level 10 in Fighting
  6523 | Bailey   | Reached XP level 10. HP: 75/94 MP: 9/9
  6610 | Bailey   | Noticed Prince Ribbit
  6627 | Bailey   | Killed Prince Ribbit
  6640 | Bailey   | Noticed a vault guard
  6651 | Bailey   | Killed a vault guard
  6776 | Bailey   | Noticed a vault guard
  6797 | Bailey   | Killed a vault guard
  6798 | Bailey   | Reached skill level 15 in Axes
  7038 | Bailey   | Identified a scroll of acquirement
  7039 | Bailey   | Acquired 1314 gold pieces
  7058 | D:7      | Found a hide-covered altar of Uskayaw.
  7885 | D:8      | Found a shimmering altar of Xom.
  8304 | D:8      | Found Hoenutus's Magic Scroll Shop.
  8308 | D:8      | Bought a scroll of teleportation for 30 gold pieces
  8308 | D:8      | Bought a scroll of identify for 20 gold pieces
  8308 | D:8      | Bought a scroll of identify for 20 gold pieces
  8308 | D:8      | Bought a scroll of identify for 20 gold pieces
  8448 | D:8      | Found a staircase to the Lair.
  8504 | D:8      | Identified the +0 chain mail of Lyonap {rF+ rC++ Will-}
  8690 | Lair:1   | Entered Level 1 of the Lair of Beasts
  8724 | Lair:1   | Noticed a black mamba
  8734 | Lair:1   | Killed a black mamba
  9107 | Lair:1   | Found a glowing silver altar of Zin.
  9118 | Lair:1   | Noticed a cane toad
  9125 | Lair:1   | Killed a cane toad
  9242 | Lair:1   | Reached XP level 11. HP: 104/104 MP: 10/10
  9335 | Lair:1   | Reached skill level 1 in Throwing
 10049 | Lair:2   | Reached skill level 5 in Armour
 10052 | Lair:2   | HP: 49/156 [komodo dragon (20)]
 10057 | Lair:2   | HP: 47/156 [poisoned by a cane toad]
 10722 | Lair:2   | Reached ***** piety under Trog
 10754 | Lair:2   | Noticed a six-headed hydra
 10784 | Lair:2   | Killed a six-headed hydra
 10858 | Lair:2   | Reached skill level 5 in Throwing
 11162 | Lair:2   | Found a hole to the Spider Nest.
 11286 | Lair:2   | Noticed a four-headed hydra
 11302 | Lair:1   | Killed a four-headed hydra
 11303 | Lair:1   | Reached XP level 12. HP: 58/112 MP: 11/11
 12488 | Lair:3   | Found a staircase to the Shoals.
 12600 | Lair:3   | Noticed Josephine
 12621 | Lair:3   | Killed Josephine
 13213 | Lair:4   | Identified the +7 battleaxe of Execution {vorpal, Str+3
                  | Int+3}
 13275 | Lair:4   | Found a viscous altar of Jiyva.
 13275 | Lair:4   | Found a staircase to the Slime Pits.
 13467 | Lair:4   | Reached skill level 10 in Armour
 14049 | Lair:4   | Noticed a catoblepas
 14058 | Lair:4   | Killed a catoblepas
 14786 | Lair:5   | Entered Level 5 of the Lair of Beasts
 14802 | Lair:5   | Reached skill level 5 in Dodging
 14813 | Lair:5   | Noticed an eight-headed hydra
 14829 | Lair:5   | Killed an eight-headed hydra
 14830 | Lair:5   | Reached XP level 13. HP: 97/122 MP: 12/12
 15429 | Lair:5   | HP: 30/123 [snapping turtle (15)]
 15437 | Lair:5   | HP: 32/123 [wind drake/the air (13)]
 15444 | Lair:5   | HP: 36/123 [wind drake/the air (20)]
 15449 | Lair:5   | HP: 22/123 [poisoned by a cane toad]
 15454 | Lair:5   | HP: 33/123 [poisoned by a cane toad]
 15459 | Lair:5   | HP: 31/123 [poisoned by a cane toad]
 15465 | Lair:4   | HP: 28/123 [wyvern (7)]
 16609 | Lair:5   | HP: 18/124 [wind drake/the air (26)]
 18518 | D:9      | Found a white marble altar of Elyvilon.
 18732 | D:9      | Found a runed translucent door.
 19126 | D:9      | Identified the +2 scale mail of the Big Bang {rF- Str+5}
 19282 | D:10     | Entered Level 10 of the Dungeon
 19282 | D:10     | Found an opulent altar of Gozag.
 19419 | D:10     | Found Kigerec's Hydra Hut.
 19799 | D:10     | Found a shadowy altar of Dithmenos.
 19803 | D:10     | Found a sacrificial altar of Ru.
 20187 | D:11     | Reached skill level 15 in Fighting
 20284 | D:11     | Found Rivuribb's Weapon Shoppe.
 20284 | D:11     | Found a staircase to the Orcish Mines.
 20360 | D:11     | Received a gift from Trog
 20393 | D:11     | Reached XP level 14. HP: 135/135 MP: 13/13
 20911 | Orc:1    | Entered Level 1 of the Orcish Mines
 21200 | Orc:1    | Found a runed translucent door.
 21200 | Orc:1    | Found a shimmering altar of Xom.
 21200 | Orc:1    | Noticed PorkyPig's ghost (journeyman GrEE)
 21466 | Orc:2    | Entered Level 2 of the Orcish Mines
 22680 | Orc:2    | Found Olulugev's General Store.
 22682 | Orc:2    | Found Cefiboar's General Store.
 22827 | Orc:2    | Reached ****** piety under Trog
 23666 | Orc:2    | Received a gift from Trog
 23887 | Orc:2    | Found a staircase to the Elven Halls.
 24091 | Orc:2    | Found Dytub's Antique Armour Shop.
 24091 | Orc:2    | Found Epnets's Book Boutique.
 24092 | Orc:2    | Found a one-way gate leading to the halls of Pandemonium.
 25563 | D:13     | Found a frozen archway.
 25578 | IceCv    | Entered an ice cave
 26333 | IceCv    | Reached skill level 15 in Armour
 26576 | D:13     | Found a blossoming altar of Fedhas.
 26764 | D:13     | Received a gift from Trog
 26836 | D:13     | Reached XP level 15. HP: 124/143 MP: 14/14
 28003 | Spider:1 | Entered Level 1 of the Spider Nest
 29330 | Spider:2 | Identified the amulet of Huich {RegenMP SInv}
 29666 | Spider:2 | Reached skill level 10 in Throwing
 29940 | Spider:2 | Noticed an emperor scorpion
 29954 | Spider:2 | Killed an emperor scorpion
 30192 | Spider:2 | Received a gift from Trog
 30492 | Spider:3 | Noticed an emperor scorpion
 30535 | Spider:3 | Noticed Nikola
 30538 | Spider:3 | Noticed Arachne
 31012 | Spider:2 | Killed Arachne
 31313 | Spider:2 | Killed an emperor scorpion
 31959 | Spider:3 | Reached XP level 16. HP: 159/159 MP: 15/15
 32016 | Spider:3 | Killed Nikola
 32568 | Spider:4 | Entered Level 4 of the Spider Nest
 32587 | Spider:3 | Received a gift from Trog
 32591 | Spider:3 | Reached skill level 1 in Evocations
 32788 | Spider:4 | HP: 47/159 [jumping spider[a jorogumo] (6)]
 32788 | Spider:4 | HP: 16/159 [disintegration (31)]
 32794 | Spider:4 | HP: 14/159 [jumping spider[a jorogumo] (3)]
 34174 | Spider:4 | Received a gift from Trog
 34479 | Spider:4 | Got a gossamer rune of Zot
 34734 | Shoals:1 | Entered Level 1 of the Shoals
 34994 | Shoals:1 | Reached skill level 5 in Evocations
 35270 | Shoals:1 | Found Hyxiusa's Antique Weapon Shoppe.
 35279 | Shoals:1 | Bought a glowing broad axe for 140 gold pieces
 35917 | Shoals:1 | Reached XP level 17. HP: 161/170 MP: 16/16
 35987 | Shoals:1 | Acquired a manual of Evocations
 36142 | Shoals:1 | Reached skill level 1 in Shields
 36208 | Shoals:1 | Received a gift from Trog
 37348 | Shoals:2 | Found a runed translucent door.
 37353 | Shoals:2 | Found a corrupted altar of Lugonu.
 37353 | Shoals:2 | Found a one-way gate to the infinite horrors of the Abyss.
 38229 | Shoals:2 | HP: 56/170 [poisoned by a sea snake]
 38563 | Shoals:3 | Found Jecome's CLEARANCE SALE!.
 39418 | Shoals:3 | Reached skill level 5 in Shields
 40079 | Shoals:3 | Received a gift from Trog
 40312 | Shoals:4 | Entered Level 4 of the Shoals
 40920 | Shoals:3 | HP: 56/172 [poisoned by a sea snake]
 40925 | Shoals:3 | HP: 35/172 [poisoned by a sea snake]
 40930 | Shoals:3 | HP: 29/172 [poisoned by a sea snake]
 42811 | Shoals:4 | Found the +3 giant club "Skullcrusher" {speed, Str+7}
 43144 | Shoals:4 | Got a barnacled rune of Zot
 43168 | Shoals:4 | Found a runed translucent gate.
 43168 | Shoals:4 | Found a runed translucent gate.
 43168 | Shoals:4 | Found a runed translucent gate.
 43168 | Shoals:4 | Noticed bigduke15's ghost (adept MiFi)
 43168 | Shoals:4 | Noticed Priul's ghost (adept DENe)
 43200 | Shoals:4 | Reached skill level 10 in Evocations
 44273 | D:14     | Found a gate to the Vaults.
 44537 | D:14     | Noticed Kirke
 44550 | D:14     | Killed Kirke
 44550 | D:14     | Received a gift from Trog
 44551 | D:14     | Reached XP level 18. HP: 182/182 MP: 17/17
 44611 | D:14     | Found a shimmering blue altar of Sif Muna.
 44908 | Vaults:1 | Entered Level 1 of the Vaults
 45902 | Vaults:1 | Identified the +8 arbalest of Destruction {penet, rCorr
                  | Stlth+}
 46672 | Vaults:1 | Reached skill level 10 in Shields
 46998 | Vaults:1 | Found a transporter.
 47002 | Vaults:1 | Noticed heteroy's ghost (veteran GrEE)
 47003 | Vaults:1 | Noticed Kare Xaoge's ghost (adept DgTm)
 47019 | Vaults:1 | Noticed a dread lich
 47021 | Vaults:1 | Found a transporter.
 47022 | Vaults:1 | Identified the ring "Moimes" {rPois rN+++ rCorr AC+4
                  | Stlth-}
 47028 | Vaults:1 | Identified the ring "Jump" {Fire Str-4 Int+2 Dex+6}
 47547 | Vaults:1 | Noticed an Ice Fiend
 47554 | Vaults:1 | Killed a dread lich
 47554 | Vaults:1 | Received a gift from Trog
 47564 | Vaults:1 | HP: 46/185 [stone giant (24)]
 48068 | Vaults:2 | Noticed Margery
 48089 | Vaults:1 | Killed Margery
 49323 | Vaults:2 | Reached XP level 19. HP: 120/193 MP: 18/18
 49557 | Vaults:2 | Found Wobux's Distillery.
 49707 | Vaults:2 | Received a gift from Trog
 50225 | Vaults:2 | Found Etirghosm's Jewellery Shop.
 50284 | Vaults:2 | You fall into a shaft and drop 2 floors!
 50346 | Vaults:3 | HP: 63/193 [yaktaur captain/bolt (18)]
 50353 | Vaults:3 | HP: 34/195 [orc knight/+2 long sword of holy wrath (13)]
 50700 | Vaults:2 | Bought a potion of heal wounds for 70 gold pieces
 50889 | Orc:2    | Bought a potion of heal wounds for 80 gold pieces
 50889 | Orc:2    | Bought a scroll of blinking for 120 gold pieces
 51049 | D:7      | Bought a potion of heal wounds for 65 gold pieces
 51049 | D:7      | Bought a potion of heal wounds for 65 gold pieces
 51734 | Vaults:3 | Found a staircase to the Crypt.
 51877 | Vaults:3 | Identified the +1 hat "Jistriuh" {Will+}
 51888 | Vaults:3 | Identified the +1 robe of Sloth {rN+ Str+4 Stlth+}
 51895 | Vaults:3 | Found a radiant altar of Vehumet.
 51895 | Vaults:3 | Found the +4 robe of Folly {Brilliance Will-∞ Int+8}
 51906 | Vaults:3 | Identified the -1 hat of Classification {Int+7 Dex+2}
 51911 | Vaults:3 | Identified the +1 robe of Abstinence {Int+2}
 51962 | Vaults:3 | Identified the +1 hat of Delicate Beauty {rF- Will+ Int+4
                  | Dex+2}
 52159 | Vaults:3 | Found Poajoytz's Magic Scroll Boutique.
 52883 | Vaults:3 | Identified the +4 hand axe of Cethra {vorpal, rElec rN+
                  | SInv} (Trog gifted it to you on level 3 of the Vaults)
 52883 | Vaults:3 | Received a gift from Trog
 54784 | Vaults:4 | Received a gift from Trog
 54845 | Vaults:4 | Reached skill level 15 in Shields
 55225 | Vaults:4 | Reached XP level 20. HP: 206/206 MP: 19/19
 56469 | D:15     | Entered Level 15 of the Dungeon
 56752 | D:15     | Found a staircase to the Depths.
 56994 | D:15     | Identified the +1 scale mail of Fedhas's Outrage {Regen+
                  | Str+6 Int+2}
 57505 | Depths:1 | Entered Level 1 of the Depths
 57996 | Depths:1 | Identified the +8 hand axe of Killer Bee's Doom {flame,
                  | Fragile rN+ Str+6 Dex-4} (Trog gifted it to you on level 1
                  | of the Depths)
 57996 | Depths:1 | Received a gift from Trog
 58016 | Depths:1 | Found a gateway to Hell.
 58154 | Depths:1 | Found a portal to a secret trove of treasure.
 58397 | Depths:1 | You fall into a shaft and drop 1 floor!
 58397 | Depths:2 | Found a one-way gateway to a ziggurat.
 58505 | Depths:2 | Found a broken altar of Ashenzari.
 59046 | Depths:1 | You paid a toll of +3 storm dragon scales to enter a
                  | treasure trove
 59047 | Trove    | Entered a treasure trove
 59052 | Trove    | Identified the +0 pair of gloves of the Cartwright {rN+
                  | Will+ Int+4 SInv}
 59064 | Trove    | Identified the +1 pair of boots of Dramatic Exits {Int+4}
 59065 | Trove    | Identified the +1 hat of Untruth {Fly rF- rC+ Int+4}
 59067 | Trove    | Identified the +2 hat of Gutolouwn {Dex+2}
 59069 | Trove    | Identified the +0 chain mail of the Tanner {+Inv rN+ Will+
                  | Int+3}
 59070 | Trove    | Identified the +0 tower shield of Divine Compulsion {Regen+
                  | Int+3 Dex+2 Slay-6}
 59071 | Trove    | Identified the +0 pair of gloves of Xiobbug {Dex+2}
 59072 | Trove    | Identified the +1 pair of gloves "Joj Ipue" {+Blink rElec
                  | Str+2}
 61568 | Depths:3 | Noticed Parghit
 62635 | Depths:3 | Reached XP level 21. HP: 220/220 MP: 20/20
 62681 | Depths:2 | Killed Parghit
 64130 | Depths:3 | Noticed a juggernaut
 64147 | Depths:3 | Killed a juggernaut
 64152 | Depths:3 | Received a gift from Trog
 64371 | Depths:3 | Identified the +5 war axe "Qiurph" {holy, Contam rPois
                  | Dex+4}
 64709 | Depths:4 | Entered Level 4 of the Depths
 65127 | Depths:4 | Found Reschuigh's Magic Scroll Shoppe.
 65135 | Depths:4 | Bought a scroll of enchant armour for 120 gold pieces
 65135 | Depths:4 | Bought a scroll of enchant armour for 120 gold pieces
 65135 | Depths:4 | Bought a scroll of enchant armour for 120 gold pieces
 65135 | Depths:4 | Bought a scroll of enchant weapon for 120 gold pieces
 65274 | Depths:4 | Found a gate to the Realm of Zot.
 65274 | Depths:4 | Noticed a golden dragon
 65400 | Depths:4 | Killed a golden dragon
 66016 | Depths:4 | Found a hide-covered altar of Uskayaw.
 66173 | Depths:4 | Found a glowing golden altar of the Shining One.
 66173 | Depths:4 | Found a glowing silver altar of Zin.
 66174 | Depths:4 | Found a white marble altar of Elyvilon.
 66211 | Depths:4 | Identified the +3 shortbow "Kogez" {speed, Will- Str-3
                  | Int+9 Dex+8}
 66679 | Elf:1    | Entered Level 1 of the Elven Halls
 66702 | Elf:1    | Found a radiant altar of Vehumet.
 66757 | Elf:1    | Found Gool's Overcharged Wands.
 66761 | Elf:1    | Received a gift from Trog
 67210 | Elf:1    | Paralysed by an air elemental for 1 turns
 67608 | Elf:2    | Reached skill level 27 in Fighting
 67968 | Elf:2    | Identified the +4 hand axe of Sequestration {vorpal, rF+
                  | rC++ Str-5 Dex+3} (Trog gifted it to you on level 2 of the
                  | Elven Halls)
 67968 | Elf:2    | Received a gift from Trog
 68410 | Elf:2    | Found a runed translucent gate.
 68411 | Elf:2    | Found a runed translucent gate.
 68411 | Elf:2    | Found a runed translucent gate.
 68725 | Elf:3    | Entered Level 3 of the Elven Halls
 68747 | Elf:3    | Found Tuorgh's Antique Weapon Boutique.
 68787 | Elf:3    | Found a flickering gateway to a bazaar.
 68832 | Bazaar   | Entered a bazaar
 68838 | Bazaar   | Found Vafasip's Jewellery Emporium.
 68838 | Bazaar   | Found Vyonong's Book Shoppe.
 68918 | Elf:3    | Received a gift from Trog
 69000 | Elf:3    | Found Poqudiasia's Weapon Shop.
 69339 | Elf:3    | Acquired 1000 gold pieces
 69448 | Elf:3    | Reached XP level 22. HP: 167/233 MP: 21/21
 70159 | Elf:3    | Received a gift from Trog
 70220 | Elf:3    | Identified the +7 triple sword of the Crafting Gods {chaos,
                  | Dex+4}
 70361 | Elf:3    | Found the +0 staff of Battle
 70377 | Elf:3    | Identified the +8 shortbow of Kydecuo {flame, rF- Int+4
                  | Dex+9 Stlth-}
 70392 | Elf:3    | Identified the +1 hand axe of the Distant Future {flame,
                  | rPois rN+ Will+}
 70393 | Elf:3    | Identified the ring of Qieffymi {Ice +Blink rElec Int-2
                  | Slay+6}
 70417 | Elf:3    | Identified the +1 ring mail of Cocytus {Int+4 Dex+7}
 70867 | Slime:1  | Entered Level 1 of the Pits of Slime
 71242 | Vaults:5 | Entered Level 5 of the Vaults
 71242 | Vaults:5 | Noticed an ancient lich
 71280 | Vaults:5 | Reached skill level 10 in Dodging
 71411 | Vaults:5 | Identified the ring "Ryoterr" {rElec rF+ Str-2 Dex+4 SInv}
 71709 | Vaults:5 | Identified the +9 battleaxe of Yvilutauzy {antimagic, rPois
                  | Int+5}
 72144 | Vaults:5 | Received a gift from Trog
 72204 | Vaults:5 | Noticed a dread lich
 72224 | Vaults:5 | Killed a dread lich
 72345 | Vaults:5 | Killed an ancient lich
 72345 | Vaults:5 | Noticed an ancient lich
 72358 | Vaults:5 | Killed an ancient lich
 72364 | Vaults:5 | Reached XP level 23. HP: 199/240 MP: 22/22
 72611 | Vaults:5 | Found Renit's Distillery.
 72625 | Vaults:5 | Found Sugaesk's Magic Scroll Boutique.
 72630 | Vaults:5 | Bought a scroll of enchant weapon for 112 gold pieces
 72630 | Vaults:5 | Bought 3 scrolls of enchant armour for 337 gold pieces
 72678 | Vaults:5 | Found Irevol's Magic Scroll Shoppe.
 72683 | Vaults:5 | Bought a scroll of blinking for 75 gold pieces
 72683 | Vaults:5 | Bought a scroll of fear for 40 gold pieces
 72683 | Vaults:5 | Bought a scroll of blinking for 75 gold pieces
 72683 | Vaults:5 | Bought a scroll of enchant armour for 75 gold pieces
 72803 | Vaults:5 | Got a silver rune of Zot
 72934 | Vaults:5 | Received a gift from Trog
 72962 | Vaults:5 | Noticed a dread lich
 72972 | Vaults:5 | Killed a dread lich
 73418 | Vaults:1 | Killed heteroy's ghost
 73430 | Vaults:1 | Killed Kare Xaoge's ghost
 73449 | Vaults:1 | Identified the amulet "Suacabb" {Spirit rC+ Will++}
 73451 | Vaults:1 | Identified the ring of the Demonic Banana {rPois rF+ Int+5
                  | SInv}
 73717 | Zot:1    | Entered Level 1 of the Realm of Zot
 74919 | Zot:1    | Found a runed translucent gate.
 74919 | Zot:1    | Found a runed translucent gate.
 74920 | Zot:1    | Found a runed translucent gate.
 74921 | Zot:1    | Noticed Heisao's ghost (legendary TrBe)
 75234 | Zot:1    | Noticed a Killer Klown
 75269 | Zot:1    | HP: 78/240 [quicksilver dragon (3)]
 75275 | Zot:1    | HP: 53/240 [quicksilver dragon/bolt of dispelling energy
                  | (28)]
 75280 | Zot:1    | HP: 43/240 [purple draconian/bolt of dispelling energy
                  | (13)]
 75681 | Zot:1    | Noticed a juggernaut
 75681 | Zot:1    | a Killer Klown changed into a juggernaut
 75948 | Depths:4 | Killed a juggernaut
 75948 | Depths:4 | Received a gift from Trog
 76123 | Zot:1    | Identified the +6 mace of Prudence {spect, rN+ rCorr}
 76126 | Zot:1    | Noticed a Killer Klown
 76132 | Zot:1    | a Killer Klown changed into a fenstrider witch
 76633 | Zot:1    | Found a viscous altar of Jiyva.
 77295 | Zot:2    | Noticed an orb of fire
 77308 | Zot:2    | Gained mutation: You are partially covered in large bone
                  | plates. (SH +4) [an orb of fire]
 77310 | Zot:2    | Killed an orb of fire
 77733 | Zot:2    | Reached XP level 24. HP: 249/249 MP: 22/22
 80063 | Zot:3    | Identified the ring "Arphiq" {EV+4 Dex+2 Slay+3 Stlth+}
 80336 | Zot:3    | Received a gift from Trog
 81682 | Zot:4    | Reached skill level 15 in Dodging
 82091 | Zot:4    | Found a transporter.
 82092 | Zot:4    | Found a transporter.
 82206 | Zot:4    | Found a transporter.
 82208 | Zot:4    | Found a transporter.
 82243 | Zot:4    | Found a transporter.
 82246 | Zot:4    | Found a transporter.
 82849 | Elf:1    | Bought a wand of digging (11) for 693 gold pieces
 83195 | Zot:5    | Entered Level 5 of the Realm of Zot
 83986 | Zot:5    | Received a gift from Trog
 84632 | Zot:5    | Noticed a Killer Klown
 84640 | Zot:5    | Noticed an ancient lich
 84645 | Zot:5    | Killed a Killer Klown
 84661 | Zot:5    | Killed an ancient lich
 84677 | Zot:5    | Noticed a dread lich
 85176 | Zot:5    | Killed a dread lich
 85431 | Zot:5    | Noticed an ancient lich
 85458 | Zot:5    | Killed an ancient lich
 85577 | Zot:5    | Noticed an orb of fire
 85584 | Zot:5    | Gained mutation: You occasionally shout uncontrollably at
                  | your foes. [an orb of fire]
 85586 | Zot:5    | Gained mutation: You are frail. (-10% HP) [an orb of fire]
 85592 | Zot:5    | Killed an orb of fire
 85746 | Zot:5    | Noticed an ancient lich
 85746 | Zot:5    | Noticed an orb of fire
 85760 | Zot:5    | Killed an ancient lich
 85763 | Zot:5    | Gained mutation: You are clumsy. (Dex -2) [an orb of fire]
 85764 | Zot:5    | Killed an orb of fire
 85772 | Zot:5    | Gained mutation: Your magical capacity is low. (-10% MP)
                  | [mutagenic glow]
 85785 | Zot:5    | Gained mutation: You are very frail. (-20% HP) [mutagenic
                  | glow]
 86070 | Zot:5    | Lost mutation: You are partially covered in large bone
                  | plates. (SH +4) [potion of mutation]
 86070 | Zot:5    | Lost mutation: Your magical capacity is low. (-10% MP)
                  | [potion of mutation]
 86070 | Zot:5    | Lost mutation: You occasionally shout uncontrollably at
                  | your foes. [potion of mutation]
 86070 | Zot:5    | Gained mutation: You are partially covered in iridescent
                  | scales. (AC +2) [potion of mutation]
 86071 | Zot:5    | Lost mutation: You are clumsy. (Dex -2) [potion of
                  | mutation]
 86071 | Zot:5    | Lost mutation: You are very frail. (-20% HP) [potion of
                  | mutation]
 86071 | Zot:5    | Gained mutation: You have a beak for a mouth. [potion of
                  | mutation]
 86263 | Zot:5    | Reached XP level 25. HP: 212/231 MP: 22/22
 86308 | Zot:5    | Noticed an ancient lich
 86315 | Zot:5    | Noticed a dread lich
 86325 | Zot:5    | Killed an ancient lich
 86331 | Zot:5    | Killed a dread lich
 86398 | Zot:5    | Noticed a Killer Klown
 86484 | Zot:5    | a Killer Klown changed into a titan
 86624 | Zot:5    | Reached skill level 27 in Shields
 86925 | Zot:5    | Noticed an ancient lich
 86939 | Zot:5    | Killed an ancient lich
 87360 | Zot:5    | Got the Orb of Zot
 87608 | Depths:1 | Noticed Nodeavid the pandemonium lord
 87644 | D:15     | Received a gift from Trog
 88046 | D:1      | first full v29 game
 88046 | D:1      | opportunity attacks still stupid
 88046 | D:1      | but MiBe delivers
 88047 | D:$      | Escaped with the Orb!

Illustrated notes

#.......##.###..###...........##
#.......##.###..# ###..)...#.###
#.......##......### #.#....###
###.......####....###.#....#
#.#####.###......##.#....#
#(##.......'+++++##.##.#.#
#.##.##.#..+....+........#
#.##.##.#..+....+..###.### #
#.......#..'.@..+..# #########
#######.####..+....'..# #.....
.........# ##.++'++'### #.####
#######.## #.......# #.# # ###
######.#########.# #
#............# # #.........####
# #.#######.# # #.# ###.### #


Turn 88046 on D:1: first full v29 game

Levels and vault maps discovered:
D:1:      lightli_arrival_maybe_door_vault, layout_loops_cross,
          hellmonk_ecumenical_altar_run_dry, corner_web_ring
D:2:      layout_basic, uniq_crazy_yiuf_cottage
D:3:      layout_basic, amcnicky_altar_gilded, overflow_temple_1_default
D:4:      layout_cave_pools, nemelex_diamond_rough_becter,
          nicolae_wu_jian_immortal_techniques, zin_angel,
          nicolae_overflow_squiral, minmay_temple_entry_offerings,
          kennysheep_generic_room_15, uniq_eustachio, uniq_natasha
D:5:      layout_basic
D:6:      layout_rooms, mainiacjoe_overflow_24_doors,
          mainiacjoe_overflow_catwalk, roderic_roman_lattice
D:7:      layout_cave_pools, gammafunk_temple_overflow_arena,
          general_overflow_altar, serial_shops, shop, enter_bailey_5,
          uniq_duvessa
D:8:      layout_loops_corners, mainiacjoe_overflow_boulevard,
          grunt_lair_entry_orc_guard_hut, serial_shops, shop,
          hellmonk_bongcloud_opening, reono_crystal_passage
D:9:      layout_cross, elyvilon_altar_1, serial_gnoll_camp,
          gnoll_camp_mini_basic, gnoll_camp_mini_basic, gnoll_camp_mini_hut,
          gnoll_camp_medium_02, chequers_serial_rivers_micro_d, minivault_13
D:10:     layout_small_grid, mainiacjoe_overflow_chevrons, minitemple,
          doesnt_shop_hydraphobe
D:11:     layout_roguey, orc_david_3, nrook_pool_corridor
D:12:     layout_irregular_city, serial_column_ruins, column_ruins_hut,
          column_ruins_grid_3, column_ruins_grid_3, column_ruins_corridor_T,
          column_ruins_corridor_straight, column_ruins_grid_1
D:13:     layout_loops_corners, serial_undead, serial_undead_b, serial_undead_f,
          serial_undead_b, serial_undead_e, serial_undead_a, serial_undead_c,
          serial_undead_b, serial_undead_c, portal_ice_cave_entry_imps,
          fedhas_altar_4
D:14:     layout_cave_pools, erik_vaults_2, chequers_arboretum, tgw_sif,
          uniq_kirke
D:15:     grunt_enter_depths_magical_seal, layout_long_grid, minivault_11
Lair:1:   layout_regular_city, basic_altar
Lair:2:   layout_misc_corridors, spider_nest_entry_rubble, st_stairs_7
Lair:3:   layout_regular_city, minmay_shoals_entry_beasts, grunt_megastairs_1,
          lemuel_fruit_tree, lemuel_fruit_fields, uniq_josephine
Lair:4:   layout_regular_city, slime_entry_1, st_stairs_8,
          minmay_lair_oklob_bushes, grunt_forest_large_clearing_hut
Lair:5:   gammafunk_lair_ancient_temple, layout_regular_city,
          serial_bayou_shore_a
Shoals:1: layout_shoals, serial_shops, shop
Shoals:2: layout_shoals, nicolae_shoals_abyss_on_the_beach
Shoals:3: layout_shoals, nicolae_shop_clearance
Shoals:4: shoals_end_grunt_ice, layout_shoals, gammafunk_ghost_cemetery
Spider:1: layout_cave_pods, hangedman_spider_tarantella_strand
Spider:2: layout_spider_delve, nicolae_spider_stair_cavern
Spider:3: layout_spider_delve, uniq_nikola, uniq_arachne
Spider:4: hellmonk_spider_rune_endless_swarm
Slime:1:  layout_caves, basic_altar, cheibrodos_slime_lost_civilization_5
Orc:1:    layout_caves, ebering_ghost_xom, trog_butcher_becter
Orc:2:    pf_orc_diabolical, layout_caves, nicolae_orc_bridge_out
Elf:1:    eino_elf_arrival_altar, layout_gridlike, minmay_elf_crystal_hexagon,
          nicolae_shop_overcharged_wands
Elf:2:    nicolae_elf_blades_crystal_corner, layout_loops_corners
Elf:3:    elf_hall, layout_loops_cross, serial_shops, bzr_entry_customers,
          nicolae_shop_trees, nicolae_shop_advertising_works
          [nicolae_subvault_shop_adworks], amethyst_killhole
Vaults:1: nzn_ghost_randoct, nicolae_vaults_yaktaur_gun_rack,
          hangedman_vaults_hat, v_rooms_3, st_cells,
          nicolae_vaults_little_squares_5, nicolae_vaults_ring_of_whatevers,
          nicolae_vaults_gold_heap, layout_vaults_omnigrid
Vaults:2: v_misc_18, ontoclasm_vaults_spin, v_misc_30,
          ontoclasm_vaults_misaligned, nicolae_vaults_bisected_slash,
          vaults_room_mumra_shop_pool, ontoclasm_vaults_twist,
          hangedman_vaults_nodes, v_alt_pattern_4, vaults_room_hallway,
          nicolae_vaults_triangles, nicolae_vaults_shelves_hall,
          v_alt_pattern_3, layout_vaults_omnibox, serial_shops,
          nicolae_lakefront_shop, uniq_margery
Vaults:3: minmay_crypt_entry_simple_sparse, vaults_room_large_hall,
          nicolae_vaults_little_squares_4, hangedman_vaults_river_flow,
          nicolae_vaults_little_squares_6, grunt_tower_of_power,
          nicolae_vaults_little_squares_3, ontoclasm_vaults_gateway,
          ontoclasm_vaults_eye, vaults_dpeg_encased_lava,
          layout_vaults_chaotic_city, serial_shops, shop
Vaults:4: special_room_vaults [special_room_orc], vaults_mumra_hex, v_misc_15,
          v_alt_pattern_6, nicolae_vaults_hallways_thing,
          nicolae_vaults_little_squares_5, nicolae_vaults_sealed_display,
          nicolae_vaults_circle_grid_b, nicolae_vaults_little_squares_3,
          v_alt_pattern_2, layout_vaults_maze
Vaults:5
Depths:1: layout_cave_shapes, hangedman_decor_slide_cut, hell_entry,
          serial_rivers, chequers_serial_rivers_room_b,
          chequers_serial_rivers_marsh, chequers_serial_rivers_micro_d,
          chequers_serial_rivers_micro_b, chequers_serial_rivers_marsh,
          enter_trove_1, minmay_variable_closet, hangedman_eye_storm
Depths:2: kennysheep_big_flooded_room, layout_small_grid, enter_ziggurat_f,
          rand_demon_pan_entry_4, hell_entry, ashenzari_altar_1,
          minmay_misc_feat_hallway, hangedman_decor_opposing
Depths:3: minmay_ornate_pinched, layout_cave_pools, pf_hell_entry_tar_spiral,
          abyss_entry, minmay_crystal_water, uniq_parghit
Depths:4: grunt_zot_entry_tricorne, layout_gridlike, good_gods_temple_1,
          hell_entry, serial_shops, shop_scrolls, eat_drink_and_be_merry_uskayaw
Zot:1:    cheibrodos_zot_enchanting_chambers, layout_misc_corridors,
          gammafunk_ghost_ooze
Zot:2:    layout_basic, grunt_megastairs_4
Zot:3:    layout_cathedral_of_symmetry, st_single_dragon_hoard_3
Zot:4:    layout_misc_corridors, bh_zot_levy_curve, serial_nicolae_subway,
          nicolae_sub_station_stone, nicolae_sub_station_crystal,
          nicolae_sub_station_metal
Zot:5:    layout_gridlike

Skill      XL: |  1  2  3  4  5  6  7  8  9 10 11 12 13 14 15 16 17 18 19 20 21 22 23 24 25 |
---------------+----------------------------------------------------------------------------+-----
Axes           | 4 5 6 7 8 9 12 14 16 17 18 19 | 19.3
Fighting       | 4 5 6 7 9 10 12 13 15 16 18 19 21 22 24 25 27 | 27.0
Armour         | 4 8 11 13 15 17 18 19 20 22 23 | 23.5
Throwing       | 5 7 8 10 12 13 | 13.6
Dodging        | 5 7 9 11 13 16 17 | 17.4
Evocations     | 5 10 14 | 14.8
Shields        | 8 12 15 18 20 23 25 26 27 | 27.0

Action                   |  1- 3 |  4- 6 |  7- 9 | 10-12 | 13-15 | 16-18 | 19-21 | 22-24 | 25-27 || total
-------------------------+-------+-------+-------+-------+-------+-------+-------+-------+-------++-------
Melee: Hand axe          |    50 |   100 |    34 |       |       |       |       |       |       ||   184
       Headbutt          |     7 |    13 |    65 |    90 |   212 |   214 |   377 |   456 |    70 ||  1504
       Punch             |       |     2 |     5 |     3 |     3 |       |       |       |       ||    13
       Whip              |       |       |   287 |   127 |    34 |       |       |       |       ||   448
       Broad axe         |       |       |       |   328 |   155 |       |  1112 |  1370 |   198 ||  3163
       Battleaxe         |       |       |       |       |   835 |   899 |   228 |       |       ||  1962
       Peck              |       |       |       |       |       |       |       |     3 |    66 ||    69
Throw: Dart              |       |       |     1 |    17 |    15 |       |    14 |    13 |       ||    60
       Boomerang         |       |       |       |    78 |    92 |   435 |   379 |    33 |     5 ||  1022
       Throwing net      |       |       |       |     1 |       |       |     3 |       |       ||     4
       Javelin           |       |       |       |       |       |     3 |     2 |    28 |     5 ||    38
Invok: Berserk           |     1 |     3 |     3 |     4 |     4 |     4 |     3 |     1 |       ||    23
       Trog's Hand       |       |       |     5 |     4 |    13 |    10 |     7 |     9 |     2 ||    50
       Brothers in Arms  |       |       |       |     1 |     1 |     1 |     3 |     1 |       ||     7
 Abil: Evoke Blink       |       |       |       |       |       |       |     3 |     1 |       ||     4
Evoke: Wand              |       |       |       |     4 |     1 |     5 |     2 |     2 |       ||    14
       Tin of tremorston |       |       |       |       |       |     7 |     6 |     2 |       ||    15
       Phantom mirror    |       |       |       |       |       |       |     1 |       |       ||     1
  Use: Scroll            |       |       |       |    21 |    10 |     5 |    20 |    13 |       ||    69
       Potion            |       |       |       |       |     4 |       |     5 |     8 |     1 ||    18
 Stab: Invisible         |       |       |       |     6 |       |     7 |       |     1 |       ||    14
Armor: Animal skin       |     4 |    12 |       |       |       |       |       |       |       ||    16
       Chain mail        |       |    38 |   123 |   166 |   276 |       |       |       |       ||   603
       Crystal plate arm |       |       |       |       |   297 |   664 |   529 |       |       ||  1490
       Gold dragon scale |       |       |       |       |       |       |   141 |   468 |    46 ||   655
Dodge: Dodged            |    32 |    39 |    88 |   149 |   434 |   338 |   221 |   219 |    37 ||  1557
Block: Other             |     3 |    22 |    67 |    77 |   211 |   166 |    35 |       |       ||   581
       Reflection        |       |     1 |     2 |       |    15 |    14 |    87 |    55 |     6 ||   180
       Tower shield      |       |       |       |       |       |       |  1090 |  1226 |   174 ||  2490
